 Dungeon Crawl Stone Soup version 0.28.0-1-gb440e238dd (webtiles) character file.

Game seed: 4040705400147686356

2 cbfl8 the Sneak (level 1, 0/19 HPs)
             Began as a Minotaur Delver on Feb 24, 2022.
             Slain by a water moccasin (6 damage)
             ... on level 5 of the Dungeon.
             The game lasted 00:00:29 (161 turns).

cbfl8 the Sneak (Minotaur Delver)                    Turns: 161, Time: 00:00:30

Health: 0/19       AC:  3    Str: 16    XL:     1   Next: 25%
Magic:  0/0        EV: 11    Int:  7    God:
Gold:   18         SH:  0    Dex: 11    Spells: 0/0 levels left

rFire   . . .      SeeInvis .   a - +0 hand axe
rCold   . . .      Faith    .   (no shield)
rNeg    . . .      Spirit   .   b - +0 leather armour
rPois   .          Reflect  .   (helmet restricted)
rElec   .          Harm     .   (no cloak)
rCorr   .          Rampage  .   (no gloves)
Will    .....                   (no boots)
Stlth   ++........              (no amulet)
HPRegen 0.06/turn               (no ring)
MPRegen 0.07/turn               (no ring)

@: no status effects
A: horns 2, retaliatory headbutt
a: no special abilities


You were on level 5 of the Dungeon.
You visited 1 branch of the dungeon, and saw 1 of its levels.

You collected 18 gold pieces.

Inventory:

Hand Weapons
 a - a +0 hand axe (weapon)
Armour
 b - a +0 leather armour (worn)
Wands
 g - a wand of digging (3)
Scrolls
 c - a scroll of fog
 d - a scroll of magic mapping
 e - a scroll of fear
Potions
 f - a potion of haste
 h - a potion of brilliance {unknown}


   Skills:
 + Level 3.6 Fighting
 + Level 2.4 Axes
 + Level 2.2 Dodging
 + Level 4.2 Stealth


You couldn't memorise any spells.
You didn't know any spells.
Your spell library contained the following spells:

 Spells                   Type           Power      Damage    Failure   Level
 Gell's Gravitas          Tloc           0%         N/A       86%         3
 Teleport Other           Tloc           0%         N/A       86%         3
 Dispersal                Tloc           0%         N/A       100%        6


Dungeon Overview and Level Annotations

Branches:
Dungeon (5/15)
 Temple: D:4-7

Altars:
Nemelex Xobeh
Uskayaw


Innate Abilities, Weirdness & Mutations

You have a pair of horns on your head.
You reflexively headbutt those who attack you in melee.


Message History

Found a sparkling altar of Nemelex Xobeh.
Found a stone staircase leading down.
An orc comes into view. It is wielding a +0 club.
Found a leather armour.
The helpless orc fails to defend itself.
You slash the orc!
You kill the orc!
Things that are here:
a +0 club; a +0 leather armour; an orc corpse
Things that are here:
a +0 club; a +0 leather armour; an orc corpse
Found 5 poisoned darts.
Found a hide-covered altar of Uskayaw.
Found a There-And-Back Book.
Found 8 gold pieces.
You pick up a There-And-Back Book and begin reading...
You add the spells Gell's Gravitas, Teleport Other and Dispersal to your library.
You now have 18 gold pieces (gained 8).
You open the door.
There is an open door here.
You open the door.
There is an open door here.
A water moccasin comes into view.
The water moccasin hisses angrily.
There is an open door here.
You closely miss the water moccasin. The water moccasin bites you!
The water moccasin barely misses you. You furiously retaliate!
You headbutt the water moccasin! You barely miss the water moccasin.
Your headbutt misses the water moccasin.
The water moccasin is moderately wounded.
The water moccasin closely misses you. You furiously retaliate!
You headbutt the water moccasin. You miss the water moccasin.
The water moccasin is heavily wounded.
The water moccasin bites you. The water moccasin barely misses you.
You hit the water moccasin but do no damage.
The water moccasin is heavily wounded.
The water moccasin bites you.
You die...

... ...# .... ...# #...
#..# ##...##..# #........+
..#........# #. #..#
.###.#######S########
................@..'....#
...................#....#
##....##....###.######.####
##....##....###.######....#
.......#.....#...........##
.......#.................#
.......+....#####....(...#
..........###...###......#
.._...######......#......#


You could see a water moccasin.

Vanquished Creatures
  An orc (D:5)
1 creature vanquished.

Notes
Turn   | Place    | Note
-------+----------+-------------------------------------------
     0 | D:5      | cbfl8 the Minotaur Delver began the quest for the Orb.
     0 | D:5      | Reached XP level 1. HP: 19/19 MP: 0/0
    20 | D:5      | Found a sparkling altar of Nemelex Xobeh.
    96 | D:5      | Found a hide-covered altar of Uskayaw.
   155 | D:5      | Noticed a water moccasin
   161 | D:5      | Slain by a water moccasin

Illustrated notes

Levels and vault maps discovered:
D:5:      layout_gridville, mainiacjoe_overflow_catch_the_wave,
          minmay_temple_entry_arrows, uniq_eustachio

Action                   || total
-------------------------++-------
Melee: Hand axe          ||     5
 Stab: Sleeping          ||     1
Dodge: Dodged            ||     3
